 Dungeon Crawl Stone Soup version 0.28.0-45-g0d030f2227 (webtiles) character file.

Game seed: 2361627184327248969

19842 Peloso the Fencer (level 12, 0/110 HPs)
             Began as a Minotaur Fighter on Apr 9, 2022.
             Was the Champion of Okawaru.
             Slain by an ogre mage
             ... wielding a +2 spear of flaming
              (1 damage)
             ... in a volcano.
             The game lasted 00:23:28 (11001 turns).

Peloso the Fencer (Minotaur Fighter)               Turns: 11001, Time: 00:23:29

Health: 0/110      AC: 20    Str: 30    XL:     12   Next: 40%
Magic:  13/13      EV:  9    Int:  5    God:    Okawaru [******]
Gold:   884        SH:  7    Dex: 12    Spells: 11/11 levels left

rFire   + . .      SeeInvis .   a - +4 scimitar (flame)
rCold   + . .      Faith    .   c - +1 buckler {AC+3}
rNeg    . . .      Spirit   .   B - +0 plate armour
rPois   +          Reflect  .   (helmet restricted)
rElec   +          Harm     .   G - +0 cloak
rCorr   +          Rampage  .   (no gloves)
Will    .....                   (no boots)
Stlth   ..........              E - amulet of regeneration
HPRegen 1.08/turn               h - +4 ring of slaying
MPRegen 0.13/turn               A - +6 ring of strength

@: mighty, resistant
A: horns 2, retaliatory headbutt
a: Renounce Religion, Heroism, Finesse, Duel


You were in a volcano.
You worshipped Okawaru.
Okawaru was exalted by your worship.
You visited 3 branches of the dungeon, and saw 12 of its levels.
You also visited: Sewer and Volcano.

You collected 917 gold pieces.
You spent 33 gold pieces at shops.

Inventory:

Hand Weapons
 a - a +4 scimitar of flaming (weapon)
 b - a +4 long sword of holy wrath
Missiles
 L - 2 throwing nets (quivered)
Armour
 c - a +1 buckler of protection (worn)
 w - a +0 chain mail
 B - a +0 plate armour (worn)
 G - a +0 cloak (worn)
Jewellery
 h - a +4 ring of slaying (left hand)
 r - a ring of ice
 A - a +6 ring of strength (right hand)
 E - an amulet of regeneration (around neck)
 I - a ring of flight
 J - a ring of protection from cold
Wands
 u - a wand of flame (32)
 v - a wand of iceblast (18)
 y - a wand of polymorph (12)
 F - a wand of digging (13)
 N - a wand of acid (3)
Scrolls
 i - a scroll of enchant armour {unknown}
 k - 3 scrolls of enchant weapon {unknown}
 l - a scroll of fog
 m - 3 scrolls of fear {unknown}
 n - 8 scrolls of teleportation
 p - a scroll of brand weapon {unknown}
 q - 4 scrolls of vulnerability {unknown}
 s - a scroll of summoning {unknown}
 t - a scroll of immolation {unknown}
 C - a scroll of blinking {unknown}
 D - a scroll of torment {unknown}
 H - 3 scrolls of noise {unknown}
 K - a scroll of amnesia {unknown}
 M - a scroll of silence {unknown}
Potions
 d - 2 potions of might
 g - 2 potions of curing
 o - 3 potions of cancellation
 x - 4 potions of invisibility
 z - a potion of brilliance
 O - a potion of haste {unknown}


   Skills:
 + Level 11.2 Fighting
 + Level 15.0 Long Blades
 + Level 12.6 Armour
 + Level 3.1 Dodging
 + Level 0.2 Stealth
 + Level 10.8 Shields
 + Level 3.3 Invocations


You had 11 spell levels left.
You didn't know any spells.
Your spell library contained the following spells:

 Spells                   Type           Power      Damage    Failure   Level
 Beastly Appendage        Tmut           0%         N/A       99%         1
 Corpse Rot               Necr/Air       0%         N/A       99%         2
 Poisonous Vapours        Pois/Air       0%         N/A       99%         2
 Wereblood                Tmut           0%         N/A       99%         2
 Conjure Flame            Conj/Fire      0%         6-21      100%        3
 Ignite Poison            Fire/Tmut/Pois 0%         N/A       100%        3
 Inner Flame              Hex/Fire       0%         N/A       100%        3
 Spider Form              Tmut/Pois      0%         N/A       100%        3
 Cause Fear               Hex            0%         N/A       100%        4
 Sticky Flame             Conj/Fire      0%         2d3       100%        4
 Blade Hands              Tmut           0%         N/A       100%        5
 Iron Shot                Conj/Erth      0%         9d1       100%        6
 Discord                  Hex            0%         N/A       100%        8
 Animate Armour           Summ/Erth      Unusable   N/A       N/A         4

Dungeon Overview and Level Annotations

Branches:
Dungeon (10/15)            Temple (1/1) D:4            Lair (1/6) D:9
  Sewer (visited)         Volcano (1/1)
    Orc: D:9-12

Altars:
Ashenzari
Cheibriados
Dithmenos
Elyvilon
Fedhas
Gozag
Hepliaklqana
Kikubaaqudgha
Makhleb
Nemelex Xobeh
Okawaru
Qazlal
Ru
Sif Muna
Trog
Uskayaw
Vehumet
Wu Jian
Xom
Zin

Shops:
D:4 *

Annotations:
D:6 2 transporters, CInkIbrahim's ghost, novice OpBe


Innate Abilities, Weirdness & Mutations

You have a pair of horns on your head.
You reflexively headbutt those who attack you in melee.


Message History

The red draconian is heavily wounded.
Something hits you but does no damage.
The red draconian hits you but does no damage.
Unknown command.
You slash the red draconian! You burn the red draconian.
The red draconian is severely wounded.
Something hits you.
* * * LOW HITPOINT WARNING * * *
Unknown command.
You slash the red draconian! You burn the red draconian.
Your headbutt misses the red draconian.
The red draconian is almost dead.
The red draconian barely misses you. Something hits you.
* * * LOW HITPOINT WARNING * * *
Unknown command.
You hit the red draconian. Your headbutt misses the red draconian.
The red draconian is almost dead.
The red draconian breathes fire at you. The searing blast hits you! You resist.
* * * LOW HITPOINT WARNING * * *
Unknown command.
You slash the red draconian! You burn the red draconian.
You kill the red draconian!
Okawaru is honoured by your kill. You block something's attack.
Your Long Blades skill increases to level 15!
Unknown command.
You block the gargoyle's attack. Something hits you.
* * * LOW HITPOINT WARNING * * *
Something burns you.
* * * LOW HITPOINT WARNING * * *
There is an open door, spattered with blood here.
Items here: ! ))) [ †.
You closely miss something. Your headbutt misses something.
The gargoyle hits you with a +0 mace!
* * * LOW HITPOINT WARNING * * *
Something hits you.
* * * LOW HITPOINT WARNING * * *
Something burns you.
You die...

#.....##.# #.....8))#
####### #..⌠..#!$#
......#### ##...##[$#
≈≈.≈≈....#### ##)####+##
≈§≈≈≈≈§§...8###...#....##
§≈≈≈≈≈≈.......'.∩.'.._..#
§§≈≈≈≈≈§§..8###.{9#....##
≈§§≈§≈≈≈§..## ##@####'##
§§≈≈≈≈≈§§§######)(.##)$#
§≈≈≈≈≈§§§..#.##..⌠..#.$#
§§≈≈≈≈≈§≈≈..#.#....○8[?#
§≈≈≈≈§≈≈≈≈≈...#.....##.#
§§≈≈≈§§≈≈≈....#..8..# #
≈≈≈≈§§§≈≈.....##...##
≈≈≈≈≈≈§......#######
≈§§≈§§§....###


You could see a gargoyle.

Vanquished Creatures
  A red draconian (Volcano)
  Fannar (D:10)
  8 two-headed ogres
  Erica (D:9)
  A black mamba (Lair:1)
  3 cane toads (Lair:1)
  Joseph (D:9)
  A gargoyle (D:10)
  3 komodo dragons
  2 trolls (D:10)
  7 slime creatures (D:8)
  Prince Ribbit (D:9)
  A shadow (D:10)
  2 vampires
  11 yaks
  6 fire bats (Volcano)
  3 wraiths (D:10)
  A steam dragon (D:10)
  2 vampire mosquitoes (D:10)
  Duvessa (D:7)
  2 water moccasins
  A sky beast (D:6)
  2 black bears
  3 necrophages
  2 orc warriors
  2 ogres
  10 wolves (Lair:1)
  4 centaurs
  A gnoll sergeant (D:5)
  5 bullfrogs
  4 scorpions
  A wyvern skeleton (D:7)
  Dowan (D:7)
  12 killer bees
  4 wights
  A vampire bat (D:9)
  2 howler monkeys
  7 lava snakes (Volcano)
  A bullfrog zombie (D:6)
  2 centaur zombies
  2 hounds
  A bullfrog skeleton (D:6)
  5 jellies
  A gnoll shaman (D:8)
  6 orc priests
  A centaur skeleton (D:7)
  Terence (D:2)
  5 orc wizards
  A howler monkey zombie (D:10)
  13 gnolls
  6 adders
  2 ufetubi
  An adder skeleton (D:2)
  2 worms (Sewer)
  2 dart slugs
  25 orcs
  14 ball pythons
  19 bats
  19 endoplasms
  8 giant cockroaches
  7 goblins
  7 hobgoblins
  6 jackals
  9 kobolds
  9 quokkas
  4 frilled lizards
  5 rats
305 creatures vanquished.

Vanquished Creatures (others)
  An orc (D:4)
  A bat (D:2)
  13 fungi
  11 plants
26 creatures vanquished.

Grand Total: 331 creatures vanquished

Notes
Turn   | Place    | Note
-------+----------+-------------------------------------------
     0 | D:1      | Peloso the Minotaur Fighter began the quest for the Orb.
     0 | D:1      | Reached XP level 1. HP: 19/19 MP: 0/0
    30 | D:1      | Found a faded altar of an unknown god.
   109 | D:1      | Reached XP level 2. HP: 27/27 MP: 1/1
   491 | D:2      | Reached XP level 3. HP: 30/33 MP: 2/2
   780 | D:2      | Noticed Terence
   790 | D:2      | Killed Terence
   791 | D:2      | Reached skill level 3 in Long Blades
   791 | D:2      | Reached XP level 4. HP: 24/40 MP: 3/3
   957 | D:2      | Reached skill level 1 in Dodging
  1246 | D:2      | Found a sparkling altar of Nemelex Xobeh.
  2290 | D:3      | Reached XP level 5. HP: 32/47 MP: 4/4
  2777 | D:4      | Found Faosebung's General Store.
  2784 | D:4      | Bought a scroll of teleportation for 33 gold pieces
  2794 | D:4      | Found a staircase to the Ecumenical Temple.
  2841 | Temple   | Entered the Ecumenical Temple
  2936 | Temple   | Became a worshipper of Warmaster Okawaru
  3034 | D:4      | Noticed a necrophage
  3067 | D:4      | Killed a necrophage
  3068 | D:4      | Reached skill level 4 in Long Blades
  3068 | D:4      | Reached skill level 5 in Armour
  3369 | D:4      | Reached XP level 6. HP: 46/53 MP: 5/5
  3375 | D:4      | Reached skill level 5 in Shields
  3707 | D:4      | Reached skill level 5 in Long Blades
  3906 | D:5      | Entered Level 5 of the Dungeon
  4068 | D:5      | Found a glowing drain.
  4083 | Sewer    | Entered a sewer
  4283 | Sewer    | Reached * piety under Okawaru
  4305 | Sewer    | Found a viscous altar of Jiyva.
  4381 | Sewer    | Reached skill level 5 in Fighting
  4417 | Sewer    | Reached XP level 7. HP: 56/61 MP: 6/6
  4567 | D:5      | Reached skill level 6 in Long Blades
  5056 | D:5      | Reached ** piety under Okawaru
  5525 | D:6      | Reached skill level 7 in Long Blades
  5529 | D:6      | Reached XP level 8. HP: 31/69 MP: 7/7
  6127 | D:6      | Found a transporter.
  6127 | D:6      | Noticed CInkIbrahim's ghost (novice OpBe)
  6150 | D:6      | Found a burning altar of Makhleb.
  6271 | D:6      | Reached skill level 8 in Long Blades
  6556 | D:6      | Found a transporter.
  6880 | D:7      | Reached *** piety under Okawaru
  6885 | D:7      | Noticed Duvessa
  6892 | D:7      | Killed Duvessa
  6893 | D:7      | Noticed Dowan
  6898 | D:7      | Killed Dowan
  6975 | D:7      | Reached skill level 9 in Long Blades
  7133 | D:7      | Reached XP level 9. HP: 67/78 MP: 8/8
  7737 | D:8      | Reached skill level 10 in Long Blades
  7790 | D:9      | Noticed Prince Ribbit
  7839 | D:8      | Reached **** piety under Okawaru
  7996 | D:8      | Reached skill level 1 in Invocations
  8039 | D:8      | Received a gift from Okawaru
  8051 | D:8      | Reached skill level 11 in Long Blades
  8229 | D:8      | Found a glowing silver altar of Zin.
  8463 | D:9      | Killed Prince Ribbit
  8464 | D:9      | Reached XP level 10. HP: 88/88 MP: 9/9
  8480 | D:9      | Noticed Joseph
  8594 | D:9      | Killed Joseph
  8595 | D:9      | Reached skill level 10 in Armour
  8647 | D:9      | Found a hide-covered altar of Uskayaw.
  8652 | D:9      | Noticed a +0 hand axe
  8653 | D:9      | Noticed a +0 hand axe
  8858 | D:9      | Reached ***** piety under Okawaru
  8894 | D:9      | Reached skill level 12 in Long Blades
  8912 | D:9      | Noticed Erica
  8926 | D:9      | Killed Erica
  9053 | D:9      | Received a gift from Okawaru
  9301 | D:9      | Found a staircase to the Lair.
  9398 | D:10     | Entered Level 10 of the Dungeon
  9425 | D:10     | Noticed a two-headed ogre
  9436 | D:10     | Killed a two-headed ogre
  9437 | D:10     | Reached XP level 11. HP: 83/97 MP: 8/11
  9497 | D:10     | Noticed a two-headed ogre
  9508 | D:10     | Noticed a two-headed ogre
  9512 | D:10     | Killed a two-headed ogre
  9513 | D:10     | Reached skill level 13 in Long Blades
  9518 | D:10     | Killed a two-headed ogre
  9632 | D:10     | Noticed Fannar
  9652 | D:10     | Killed Fannar
  9710 | D:10     | Found a broken altar of Ashenzari.
  9881 | D:10     | Noticed a two-headed ogre
  9890 | D:10     | Killed a two-headed ogre
  9914 | D:10     | Reached skill level 10 in Fighting
  9914 | D:10     | Reached skill level 14 in Long Blades
 10197 | D:10     | Found a sacrificial altar of Ru.
 10266 | D:10     | Found a blossoming altar of Fedhas.
 10512 | Lair:1   | Entered Level 1 of the Lair of Beasts
 10529 | Lair:1   | Received a gift from Okawaru
 10662 | Lair:1   | Reached XP level 12. HP: 55/107 MP: 13/13
 10664 | Lair:1   | Reached skill level 10 in Shields
 10702 | Lair:1   | Found a dark tunnel.
 10707 | Volcano  | Entered a volcano
 10838 | Volcano  | Reached ****** piety under Okawaru
 10906 | Volcano  | Noticed a two-headed ogre
 10910 | Volcano  | Killed a two-headed ogre
 10914 | Volcano  | Noticed a two-headed ogre
 10936 | Volcano  | Noticed a two-headed ogre
 10937 | Volcano  | Noticed a red draconian
 10942 | Volcano  | Killed a two-headed ogre
 10976 | Volcano  | Found a radiant altar of Vehumet.
 10976 | Volcano  | Noticed a two-headed ogre
 10976 | Volcano  | Noticed an ogre mage
 10976 | Volcano  | Noticed a two-headed ogre
 10987 | Volcano  | Killed a two-headed ogre
 10987 | Volcano  | Received a gift from Okawaru
 10989 | Volcano  | Killed a two-headed ogre
 10999 | Volcano  | Killed a red draconian
 11000 | Volcano  | Reached skill level 15 in Long Blades
 11001 | Volcano  | HP: 1/110 [something (6)]
 11001 | Volcano  | Slain by an ogre mage

Illustrated notes

Levels and vault maps discovered:
D:1:      nzn_arrival_crosshair, layout_rooms, ebering_ecumenical_altar_box
D:2:      minmay_door_path, layout_rooms, basic_altar, kennysheep_small_spiral,
          uniq_terence
D:3:      layout_basic, serial_co_window_serial, co_window_corner_a,
          co_window_of_opportunity_a, co_window_of_opportunity_a,
          co_window_paths_a, co_window_paths_a, co_window_paths_a,
          co_window_corner_a, co_window_paths_b, co_window_paths_a,
          co_window_corner_b, co_window_2corner, co_window_broadway_c,
          co_window_broadway_c, co_window_unsneaky_path_b, co_window_corner_b,
          glass_columns_b, glass_columns_b, glass_columns_c, glass_columns_a,
          glass_columns_a, kennysheep_generic_room_5
D:4:      layout_rooms, minmay_temple_entry_stoned_glass, nicolae_stop_n_shop_2
D:5:      layout_loops_corners, gup_sewer_entry_pipe
D:6:      layout_loops_corners, bloody_makhleb, gammafunk_ghost_arena
D:7:      layout_cave_pools, uniq_duvessa
D:8:      layout_basic, mainiacjoe_overflow_brackets
D:9:      layout_rooms, dancing_weapons_uskayaw, grunt_lair_entry_orc_guard_hut,
          roderic_batcave, nicolae_concentric_dashed_squares_wild, uniq_joseph,
          uniq_erica, uniq_prince_ribbit1
D:10:     minmay_recursive_quarters, layout_small_grid,
          lemuel_coloured_pillars_altar, mainiacjoe_overflow_swirl,
          kennysheep_kite_vault, uniq_fannar
Temple:   eino_temple_scatter_basement
Lair:1:   layout_regular_city, enter_volcano_4
Volcano:  volcano_grotto [vgs_many_chambers]

Skill      XL: |  1  2  3  4  5  6  7  8  9 10 11 12 |
---------------+-------------------------------------+-----
Fighting       | 4 5 6 7 9 10 11 | 11.2
Armour         | 4 5 6 8 9 11 12 | 12.6
Shields        | 4 5 6 7 8 9 10 | 10.8
Long Blades    | 3 4 5 7 9 11 12 14 15 | 15.0
Dodging        | 1 2 3 |  3.1
Invocations    | 1 2 3 |  3.3
Stealth        | |  0.2

Action                   |  1- 3 |  4- 6 |  7- 9 | 10-12 || total
-------------------------+-------+-------+-------+-------++-------
Melee: Long sword        |    58 |   175 |   220 |    88 ||   541
       Headbutt          |     5 |    26 |    46 |    62 ||   139
       Scimitar          |       |       |       |   203 ||   203
Invok: Heroism           |       |       |     6 |    12 ||    18
  Use: Potion            |     2 |       |       |     6 ||     8
       Scroll            |       |       |       |     9 ||     9
Armor: Scale mail        |    51 |    45 |       |       ||    96
       Chain mail        |       |    34 |    19 |       ||    53
       Plate armour      |       |       |   132 |   160 ||   292
Dodge: Dodged            |    62 |    68 |    84 |   126 ||   340
Block: Buckler           |    27 |    41 |    72 |   118 ||   258
